AoeStats
← KootH.

African Clearing

506243303Analyzed
4v4 RM · 19d ago on Sep 12, 2026· 51m 1s· 8 players
Game mode
Random Map
Map size
Large (8 player)
Population
200
Speed
Normal
Resources
Standard
Victory
Conquest
Starting age
Dark Age
Ending age
Imperial Age
RankedLock teamsTeams togetherTeam positionsShared explorationLock speedFull tech treeHidden civsTurbo modeCheats
Victory
Defeat
🇨🇴 Magyars · Colombia
1442
+15
🇨🇴 Hindustanis · Colombia
1418
+16
🇬🇷 Koreans · Greece
1410
+16
🇲🇽 Persians · Mexico
1370
+17
🇨🇴 Tatars · Colombia
1424
-17
🇺🇸 Koreans · United States
1410
-16
🇬🇧 Berbers · United Kingdom
1407
-16
🇨🇴 Romans · Colombia
1394
-15
darkwwww2015
13:45 Feudal Age
12:30 Loom
17:39 Castle Age
17:40 Double-Bit Axe
19:40 Forging
20:39 Wheelbarrow
20:22 Bow Saw
22:13 Scale Barding Armor
23:01 Horse Collar
25:08 Bloodlines
26:29 Husbandry
31:10 Town Watch
32:26 Fletching
37:36 Bodkin Arrow
39:50 Masonry
43:19 Imperial Age
41:17 Heavy Plow
43:38 Chain Barding Armor
43:27 Cavalier
AM | Rick2
9:43 Loom
12:18 Feudal Age
14:17 Fletching
17:27 Town Watch
26:03 Castle Age
24:14 Double-Bit Axe
24:36 Horse Collar
25:20 Padded Archer Armor
26:14 Crossbowman
27:08 Bodkin Arrow
29:10 Leather Archer Armor
32:09 Bloodlines
40:18 Wheelbarrow
41:17 Hand Cart
45:00 Imperial Age
42:59 Scale Barding Armor
43:05 Forging
42:57 Husbandry
44:30 Chain Barding Armor
44:18 Gold Mining
45:48 Iron Casting
46:13 Conscription
45:16 Elite Steppe Lancer
46:55 Heavy Camel Rider
47:40 Heavy Plow
48:50 Bow Saw
49:11 Crop Rotation
49:25 Plate Barding Armor
yugiohcards7039
3:42 Loom
12:56 Feudal Age
14:25 Double-Bit Axe
16:51 Fletching
25:28 Castle Age
44:56 Imperial Age
48:28 Wheelbarrow
Andres_bc81
6:15 Loom
13:52 Feudal Age
17:00 Double-Bit Axe
19:16 Castle Age
18:10 Man-at-Arms
18:53 Scale Mail Armor
20:37 Long Swordsman
22:44 Forging
23:53 Chain Mail Armor
23:46 Horse Collar
33:15 Ballistics
34:38 Pikeman
37:12 Fletching
40:59 Imperial Age
39:23 Wheelbarrow
39:35 Bodkin Arrow
40:28 Forging
40:21 Squires
42:05 Iron Casting
43:00 Chemistry
42:39 Ballistas
42:00 Capped Ram
43:49 Town Watch
43:41 Halberdier
46:14 Legionary
47:37 Heavy Scorpion
50:39 Blast Furnace
49:46 Gold Mining
Bad Panda
8:33 Loom
16:53 Feudal Age
17:34 Double-Bit Axe
18:10 Fletching
27:55 Castle Age
29:55 Town Watch
37:38 Padded Archer Armor
42:18 Leather Archer Armor
43:09 Ballistics
42:59 Murder Holes
45:23 Bodkin Arrow
48:03 Horse Collar
Zzulu
5:39 Loom
13:57 Feudal Age
18:06 Castle Age
15:54 Double-Bit Axe
16:28 Fletching
22:00 Bow Saw
24:29 Bodkin Arrow
24:50 Gold Mining
29:46 Wheelbarrow
30:46 Ballistics
38:09 Imperial Age
37:42 Stone Mining
39:30 Bracer
39:31 Elite War Wagon
41:16 Chemistry
40:05 Capped Ram
43:10 Gold Shaft Mining
43:14 Thumb Ring
43:11 Husbandry
43:23 Masonry
49:18 Siege Engineers
48:38 Heavy Rocket Cart
Viva Cristo
4:44 Loom
12:50 Feudal Age
17:18 Castle Age
18:24 Fletching
25:47 Double-Bit Axe
27:05 Horse Collar
28:08 Wheelbarrow
28:01 Bodkin Arrow
28:46 Padded Archer Armor
28:46 Stone Mining
29:07 Heavy Plow
30:11 Stone Shaft Mining
29:43 Gold Mining
30:51 Bow Saw
31:02 Town Watch
33:39 Scale Mail Armor
34:07 Grand Trunk Road
34:50 Chain Mail Armor
34:40 Squires
34:27 Arson
36:01 Gold Shaft Mining
35:57 Forging
36:31 Ballistics
38:03 Iron Casting
40:47 Imperial Age
39:06 Hand Cart
40:17 Town Patrol
40:48 Scale Barding Armor
41:13 Husbandry
41:23 Bloodlines
40:54 Heavy Camel Rider
43:26 Chemistry
43:17 Conscription
44:23 Chain Barding Armor
44:43 Bloodlines
45:39 Blast Furnace
45:49 Plate Barding Armor
45:47 Bracer
46:50 Shatagni
47:31 Padded Archer Armor
48:56 Imperial Camel Rider
51:35 Leather Archer Armor
KootH.
4:15 Loom
11:54 Feudal Age
13:00 Double-Bit Axe
21:46 Castle Age
20:29 Horse Collar
21:45 Fletching
22:06 Bloodlines
22:13 Padded Archer Armor
23:25 Bow Saw
23:48 Husbandry
24:41 Bodkin Arrow
29:57 Wheelbarrow
39:05 Heavy Plow
44:37 Imperial Age
42:14 Town Watch
43:07 Leather Archer Armor
45:37 Masonry
47:28 Thumb Ring
Connection lost

Rejoining the realm…

Still unreachable

The connection could not be restored.

Session expired

The server has moved on; the page needs a fresh start.